[Event "Early-Titled-Tuesday-Blitz-December-26-2023"]
[Site "Chess.com"]
[Date "2023.12.26"]
[Round "1"]
[White "ilushka"]
[Black "rquery98"]
[Result "1/2-1/2"]
[WhiteElo "2444"]
[BlackElo "2738"]
[TimeControl "180+1"]
[EndTime "8:08:14 PST"]
[Termination "Game drawn - insufficient material"]

1. Nf3 Nf6 2. g3 b6 3. Bg2 Bb7 4. c4 g6 5. b3 Bg7 6. Bb2 O-O 7. O-O d6 8. d4 e6 9. Nc3 Ne4 10. Qc2 Nxc3 11. Bxc3 c5 12. Rad1 cxd4 13. Bxd4 Bxd4 14.
Nxd4 Bxg2 15. Kxg2 a6 16. Qe4 Ra7 17. Nc6 Nxc6 18.
Qxc6 Rd7 19. Rd3 Qa8 20. Qxa8 Rxa8 21. Rfd1 Rad8 22. e4 Kf8 23. Kf3 Ke7 24. Ke3 b5 25.
cxb5 axb5 26. Rc1 Ra8 27. Rd2 Ra6 28. Rc8 Rb7 29. Rdc2 h5 30. R8c7+ Rxc7 31. Rxc7+ Kf6 32. Rc2 g5 33. f4 h4 34. gxh4 gxh4 35. Kf3 e5 36.
Rd2 exf4 37. Kxf4 b4 38. Rxd6+ Rxd6 39. e5+ Ke6 40. exd6 Kxd6 41. Kg4 Ke5 42. Kxh4 Ke4 43. Kg3 Ke3 44. Kg4 Ke4 45. h4 f5+ 46. Kg3 Ke3 47. h5 f4+ 48. Kg4 f3 49. h6 f2 50. h7 f1=Q 51. h8=Q Qg2+ 52. Kf5 Qf2+ 53. Ke6 Qxa2 54. Qe5+ Kd3 55. Qd5+ Kc2 56. Qc4+ Kb2 57. Qxb4 Qa6+ 58. Kd5 Qd3+ 59. Qd4+ Qxd4+ 60. Kxd4 Kxb3 1/2-1/2

[Event "Early-Titled-Tuesday-Blitz-December-26-2023"]
[Site "Chess.com"]
[Date "2023.12.26"]
[Round "1"]
[White "CarlosjPineror"]
[Black "bascheyaro"]
[Result "0-1"]
[WhiteElo "2481"]
[BlackElo "2821"]
[TimeControl "180+1"]
[EndTime "8:08:15 PST"]
[Termination "bascheyaro won by resignation"]

1. e4 e6 2. d4 d5 3. e5 c5 4. c3 Qb6 5. Nf3 Bd7 6. a3 a6 7.
Be2 Bb5 8. c4 Bxc4 9. Bxc4 dxc4 10. d5 Ne7 11. dxe6 Qxe6 12. O-O h6 13. Nc3 Nbc6 14. Ne4 Nd5 15. Qe2 b5 16. Be3 Nxe3 17. Qxe3 Be7 18. Nxc5 Qd5 19. Nb7 O-O 20. Rad1 Nd4 21.
Nxd4 Qxb7 22. Nf5 Kh7 23. h4 Rad8 24. Qg3 g6 25. Nxe7 Qxe7 26. Rd6 Rfe8 27. Rfd1 Rxd6 28. exd6 Qe2 29. Qf3 Qxf3 30. gxf3 Kg7 31. d7 Rd8 32. Rd6 Kf8 33. h5 gxh5 34. Rxa6 Rxd7 35. Rb6 Rd5 36. Rxh6 Rd2 37. Rxh5 Rxb2 38. Rc5 Rb3 39. a4 bxa4 40. Rxc4 a3 41. Ra4 Rxf3 42. Kg2 Rb3 43. Ra7 Ke8 44. Kh2 f5 45. Kg2 Kd8 46. Ra5 f4 47. Ra4 f3+ 48. Kg3 Kc7 49. Ra7+ Kc6 50. Ra4 Kb5 51.
Ra8 Kb4 52. Ra7 Rc3 53. Rb7+ Ka4 54. Ra7+ Kb3 55. Rb7+ Kc2 56. Ra7 Kb2 57. Rb7+ Rb3 0-1

[Event "Early-Titled-Tuesday-Blitz-December-26-2023"]
[Site "Chess.com"]
[Date "2023.12.26"]
[Round "1"]
[White "igorkovalenko"]
[Black "DrCeltic"]
[Result "1-0"]
[WhiteElo "2902"]
[BlackElo "2515"]
[TimeControl "180+1"]
[EndTime "8:08:17 PST"]
[Termination "igorkovalenko won by resignation"]

1. d4 d5 2. c4 c6 3. Nc3 Nf6 4.
Nf3 dxc4 5. e3 b5 6. a4 b4 7. Nb1 a5 8. Bxc4 Ba6 9. Nbd2 e6 10. b3 Be7 11. Bb2 O-O 12. Qe2 Bxc4 13. Nxc4 Nbd7 14.
Rd1 Qc7 15. e4 Rfe8 16. O-O c5 17. d5 exd5 18. exd5 Nb6 19. Nxb6 Qxb6 20. Qc4 Nd7 21. d6 Bf6 22. Bxf6 Nxf6 23. Ng5 Rf8 24. Rfe1 Rad8 25.
d7 Rxd7 26. Rxd7 Nxd7 27. h4 h6 28. Ne4 Qe6 29. Qxe6 fxe6 30. Rd1 Rf7 31. Nd6 Re7 32. Nc4 Kf7 33. Kf1 Kf6 34. Nxa5 Ne5 35. f4 Ng4 36. Nc4 Kf5 37. g3 g5 38. hxg5 hxg5 39. fxg5 Kxg5 40. Ke2 Rh7 41. Rd2 Rh2+ 42. Kd3 Rh3 43. Rg2 Nf6 44. a5 Nd5 45. Ke4 Rh7 46. Ke5 Kg4 47. Kxe6 Nc7+ 48. Kd6 Kf3 49. Rg1 Nb5+ 50. Kxc5 Nc3 51. Kxb4 Ne2 52.
Ra1 Rb7+ 53. Kc5 Rxb3 54. a6 Rb8 55. a7 Ra8 56. Nb6 Rg8 57. a8=Q+ Rxa8 58. Rxa8 Nxg3 59. Ra3+ Kf2 60. Nd7 Nf5 61. Ne5 Ne3 62. Rb3 Ke2 63. Rb2+ Kd1 64. Nc4 Nf5 65. Kb4 Kc1 66. Kc3 Ne3 67.
Rh2 Nd1+ 68. Kb3 Kb1 69. Rh1 Kc1 70. Rg1 1-0

[Event "Early-Titled-Tuesday-Blitz-December-26-2023"]
[Site "Chess.com"]
[Date "2023.12.26"]
[Round "1"]
[White "Philosopherrr"]
[Black "GoltsevDmitry2000"]
[Result "0-1"]
[WhiteElo "2395"]
[BlackElo "2700"]
[TimeControl "180+1"]
[EndTime "8:08:18 PST"]
[Termination "GoltsevDmitry2000 won by resignation"]

1. e4 e6 2. Nf3 d5 3. Nc3 Nf6 4. e5 Ne4 5. Ne2 Bc5 6. d4 Bb6 7. c3 c5 8. Be3 cxd4 9. Nexd4 Bd7 10. Bd3 Nc6 11. O-O Bc7 12. Nxc6 Bxc6 13. Qc2 h6 14. Rad1 Qe7 15. Nd4 Bxe5 16. Nxc6 bxc6 17. Bxe4 dxe4 18. Qxe4 Qc7 19. Bc5 Bf6 20. Rd6 Rc8 21.
Rfd1 O-O 22. g3 Rfe8 23. b4 Bxc3 24. Rd7 Qe5 25. Qf3 Qf6 26. Qe4 a5 27. a3 axb4 28.
axb4 Rb8 29. R1d3 Be5 30. Rf3 Qg5 31. h4 Qh5 32. Rfxf7 Bf6 33. Kg2 Qxf7 34. Rxf7 Kxf7 35. Qxc6 Rec8 36. Qd7+ Kg8 37. Qxe6+ Kh8 38. f4 Re8 39.
Qf5 Rec8 40. h5 Re8 41. g4 Ra8 42. g5 hxg5 43. fxg5 Re5 44. Qf3 Rxg5+ 45. Kh3 Rd8 46. Bf2 Rdd5 47. Bg3 Rdf5 48. Qa8+ Kh7 49. Qe4 Rxh5+ 50.
Kg2 Rg5 51. b5 g6 52. Qb7+ Kh6 53. Kh3 Rh5+ 54. Kg2 Rxb5 55. Qf7 Rbf5 56. Qf8+ Bg7 57. Qe8 Rhg5 58. Kh3 Rf3 59. Qe1 Rgxg3+ 60. Qxg3 Rxg3+ 61. Kxg3 Kg5 62. Kg2 Kf5 0-1

[Event "Early-Titled-Tuesday-Blitz-December-26-2023"]
[Site "Chess.com"]
[Date "2023.12.26"]
[Round "1"]
[White "Pendos666"]
[Black "Cheer_Down"]
[Result "1-0"]
[WhiteElo "2841"]
[BlackElo "2488"]
[TimeControl "180+1"]
[EndTime "8:08:24 PST"]
[Termination "Pendos666 won by resignation"]

1. e4 e6 2. d4 d5 3. Nd2 c5 4.
exd5 exd5 5. Ngf3 Nc6 6. Bb5 Qe7+ 7. Qe2 Qxe2+ 8. Bxe2 cxd4 9. O-O Bd6 10. Nb3 Nge7 11.
Nfxd4 O-O 12. Be3 Nf5 13. Nxf5 Bxf5 14. c3 Rfe8 15. Rad1 Rad8 16. Rfe1 h6 17. Nd4 Bd7 18. Bf3 Be6 19. Kf1 Ne5 20. Be2 a6 21. h3 Bc8 22. b3 Nc6 23. Bf3 Be5 24. Rd2 Bf6 25.
Red1 Ne5 26. Be2 Nc6 27. b4 Ne5 28. a4 Nc4 29. Bxc4 dxc4 30. a5 Bxd4 31. Rxd4 Rxd4 32. Rxd4 Be6 33. Rd6 Rc8 34. g4 Kf8 35. Bd4 h5 36. f3 hxg4 37. hxg4 Rc6 38. Rd8+ Ke7 39. Rb8 Bd5 40. Kf2 Rh6 41. Kg2 f6 42. Bc5+ Kd7 43. Bb6 Bc6 44. Rg8 Rg6 45. Kg3 f5 46. Bd4 fxg4 47.
fxg4 Ke7 48. Bc5+ Kf7 49. Rf8+ Ke6 50. Kh4 Bd7 51. Kh5 Rf6 52. Rb8 Bc6 53. Bd4 Rf7 54.
Rg8 Bd5 55. Kg5 Be4 56. Bxg7 Bd3 57. Bd4 Kd7 58. Rb8 Ke6 59. Re8+ Kd7 60. Re3 Re7 61. Rf3 Be2 62. Rf2 Bd1 63. Kh4 Re4 64. Rg2 Ke6 65. Kh3 Kf7 66. Rf2+ Kg6 67. Rf6+ Kg5 68. Rf7 Bxg4+ 69.
Kg3 Bf5 70. Rg7+ Kh6 71. Rxb7 Re2 72. Kf4 Bd3 73. Rb6+ Kh5 74. Rxa6 Re4+ 75. Kf3 Re8 76. Rb6 Rb8 1-0

[Event "Early-Titled-Tuesday-Blitz-December-26-2023"]
[Site "Chess.com"]
[Date "2023.12.26"]
[Round "1"]
[White "Korchmar_Vasiliy"]
[Black "DvaHrasta"]
[Result "1/2-1/2"]
[WhiteElo "2769"]
[BlackElo "2459"]
[TimeControl "180+1"]
[EndTime "8:08:26 PST"]
[Termination "Game drawn by repetition"]

1. e4 c6 2. d4 d5 3. exd5 cxd5 4.
Bd3 Nc6 5. c3 e5 6. dxe5 Nxe5 7.
Qe2 Qe7 8. Bb5+ Bd7 9. Bxd7+ Kxd7 10. Be3 Nc4 11. Nd2 Nxe3 12. fxe3 Rd8 13. Ngf3 Kc8 14. O-O Nf6 15. Nd4 g6 16. a4 Bh6 17.
Rf3 Rhe8 18. Raf1 Ng4 19. e4 f5 20. Rh3 dxe4 21. Nc4 e3 22. a5 Kb8 23. a6 Rxd4 24.
cxd4 Rd8 25. axb7 Rxd4 26. Na5 Qc5 27. Qa6 Rd6 28. Qc4 Qxc4 29. Nxc4 Rc6 30. Ne5 Nxe5 31. Rxh6 Nd3 32. Rh3 f4 33. Ra1 Kxb7 34. Rxh7+ Kb6 35.
Re7 a5 36. h4 Rc2 37. Re6+ Kb5 38. Rxg6 e2 39. Re6 Rxb2 40. h5 e1=Q+ 41. Raxe1 Nxe1 42.
Rxe1 Ka6 43. Re4 Rb5 44. h6 Rh5 45. Re6+ Kb5 46. Rf6 a4 47. h7 Rxh7 48. Rxf4 Ra7 49. Rf1 a3 50. g4 a2 51. Ra1 Kb4 52. Kg2 Kb3 53. Kf3 Kb2 54. Rxa2+ Rxa2 55. g5 Kc3 56. Ke4 Rg2 57. Kf5 Kd4 58. g6 Kd5 59. Kf6 Rf2+ 60. Ke7 Re2+ 61. Kf7 Rf2+ 62. Ke7 Re2+ 63. Kf7 Rf2+ 64. Ke7 1/2-1/2

[Event "Early-Titled-Tuesday-Blitz-December-26-2023"]
[Site "Chess.com"]
[Date "2023.12.26"]
[Round "1"]
[White "rezamahdavi2008"]
[Black "JoliyRoger"]
[Result "0-1"]
[WhiteElo "2862"]
[BlackElo "2524"]
[TimeControl "180+1"]
[EndTime "8:08:27 PST"]
[Termination "JoliyRoger won by resignation"]

1. Nf3 Nf6 2. c4 c5 3. Nc3 e6 4. g3 Nc6 5. Bg2 Be7 6. O-O O-O 7. d4 cxd4 8. Nxd4 Ne5 9. b3 d6 10. Bb2 a6 11. Qd2 Qc7 12. Rac1 Rb8 13. Rfd1 Re8 14. h3 Bf8 15. e4 b6 16. f4 Ng6 17. f5 Ne5 18.
Rf1 Bb7 19. Rce1 Ba8 20. Kh1 Nfd7 21. Rf2 Nc5 22. Re3 h6 23. g4 Be7 24. Nf3 Nxf3 25. Rexf3 Bg5 26. Qd1 Nxe4 27. Nxe4 Bxe4 28. Qd4 Bf6 29.
Qxe4 Bh4 30. Rf1 exf5 31. Qxf5 Re2 32. Qd5 Rf8 33. Qd4 f6 34. Qd5+ Kh8 35. Bc3 Rxa2 36. Qh5 Bg5 37. h4 Bd2 38. Bxd2 Rxd2 39. g5 Qc5 40. Qg6 Rd4 41. Rf4 Rxf4 42. Rxf4 Qe3 43. Qf5 Re8 44. gxf6 Qe1+ 45. Kh2 gxf6 46. Qxf6+ Kh7 47.
Be4+ Rxe4 48. Qf7+ Kh8 49. Qf8+ Kh7 50. Rf7+ Kg6 51.
Qg8+ Kh5 52. Rf5+ Kxh4 53. Qd8+ Kg4 54. Qg8+ Kxf5 55. Qf7+ Ke5 56. Qd5+ Kf4 57. Qxd6+ Ke3 58. Qxh6+ Kd4 59. Qxb6+ Kc3 60. Qa5+ Kc2 61. Qa2+ Kd3 62.
Kh3 Qe3+ 0-1

[Event "Early-Titled-Tuesday-Blitz-December-26-2023"]
[Site "Chess.com"]
[Date "2023.12.26"]
[Round "1"]
[White "newyorkmouse"]
[Black "MightyGMpretender"]
[Result "1-0"]
[WhiteElo "2456"]
[BlackElo "2734"]
[TimeControl "180+1"]
[EndTime "8:08:27 PST"]
[Termination "newyorkmouse won by checkmate"]

1. Nf3 d5 2. c4 e6 3. d4 Nf6 4. g3 Bb4+ 5. Bd2 Be7 6. Bg2 Ne4 7. Bf4 c6 8. O-O Nd7 9. Qc2 g5 10. Be3 f5 11. Nfd2 Nd6 12. Nc3 O-O 13. f4 g4 14.
Bf2 Nf6 15. c5 Nde4 16. Ndxe4 dxe4 17. Rfd1 h5 18. b4 Bd7 19. a4 Kg7 20. e3 Rh8 21. Bf1 h4 22. b5 Qe8 23. a5 hxg3 24. hxg3 Qh5 25. Bg2 cxb5 26. d5 b4 27. dxe6 Bxe6 28. Nb5 Rac8 29. Nd4 Bf7 30. Nb3 Be8 31. Qc4 Bf7 32.
Qxb4 Rc7 33. Rac1 Qh2+ 34. Kf1 Nh5 35. Nd4 Kg6 36. Qe1 Rxc5 37. Rxc5 Bxc5 38. Qc3 Rc8 39. Nxf5 Nf6 40. Nh4+ Kg7 41. Bxe4 Bf8 42. Nf5+ Kg8 43. Qxc8 Nxe4 44. Ne7+ Kg7 45. Qxg4+ Kh7 46. Qf5+ Kg7 47. Qxe4 Qh3+ 48. Qg2 Qe6 49. Nd5 Qc6 50. e4 Qc2 51. Qf3 Bc5 52. Bxc5 Qxc5 53. Kg2 Kg8 54. Rd2 Qc1 55.
Qe2 Kf8 56. Ne3 Bh5 57. Qf2 Be8 58. e5 Bc6+ 59. Kh3 Qh1+ 60. Qh2 Qe1 61. Ng4 Qf1+ 62. Kh4 Qb1 63. Kg5 Kg8 64. Qh6 Be8 65. Rd8 Kf7 66.
Qf6+ Kg8 67. Rxe8+ Kh7 68. Rh8# 1-0

[Event "Early-Titled-Tuesday-Blitz-December-26-2023"]
[Site "Chess.com"]
[Date "2023.12.26"]
[Round "1"]
[White "Yeritsyaan"]
[Black "Schachmalanders"]
[Result "1/2-1/2"]
[WhiteElo "2665"]
[BlackElo "2381"]
[TimeControl "180+1"]
[EndTime "8:08:28 PST"]
[Termination "Game drawn - insufficient material"]

1. Nf3 c5 2. e3 d5 3. d4 Nc6 4. c3 Nf6 5. Bd3 Bg4 6. Nbd2 e6 7. O-O Bd6 8. h3 Bh5 9. dxc5 Bxc5 10. e4 O-O 11. exd5 Qxd5 12. Bc4 Qd7 13. Qc2 Rac8 14. a4 Rfd8 15. Be2 Bb6 16. Nc4 Bc7 17. Bg5 Qe7 18. Rad1 Bb8 19. Rxd8+ Rxd8 20. Rd1 Qc7 21. Rxd8+ Qxd8 22. Qd2 Qxd2 23. Bxd2 Nd5 24. g4 Bg6 25. Kf1 Nf4 26. Bxf4 Bxf4 27. Ke1 Bc2 28. Bd1 Bd3 29. Na3 Kf8 30. Be2 Be4 31. b4 Ne5 32. Nxe5 Bxe5 33.
Kd2 Bf4+ 34. Kd1 Ke7 35. f3 Bc6 36. a5 Ba4+ 37. Ke1 Be5 38. Kd2 Bf4+ 39. Kd3 Bc1 40. Nb1 Kd6 41. c4 b6 42. axb6 axb6 43. Nc3 Bc6 44. Bd1 g6 45. Ne2 Bh6 46. Nd4 e5 47. Nb3 f5 48. Be2 e4+ 49. fxe4 Bxe4+ 50. Kd4 Bg7+ 51. Ke3 Bh6+ 52. Kd4 Bg2 53. gxf5 Bxh3 54. fxg6 hxg6 55. Bf3 Bg7+ 56. Kd3 g5 57. c5+ bxc5 58. bxc5+ Kc7 59. Nd2 g4 60. Be2 g3 61. Nf3 Bh6 62. Ng1 Bf5+ 63. Kd4 Bg7+ 64. Ke3 Bf8 65. Kd4 Bd7 66. Bf3 Bc6 67. Bxc6 Kxc6 68. Ke4 Bxc5 69. Ne2 g2 70. Kf3 g1=Q 71. Nxg1 1/2-1/2

[Event "Early-Titled-Tuesday-Blitz-December-26-2023"]
[Site "Chess.com"]
[Date "2023.12.26"]
[Round "1"]
[White "MidnightFox"]
[Black "Flawless_Fighter"]
[Result "1-0"]
[WhiteElo "2505"]
[BlackElo "2812"]
[TimeControl "180+1"]
[EndTime "8:08:34 PST"]
[Termination "MidnightFox won by resignation"]

1. d4 Nf6 2. c4 e6 3. g3 d5 4. Bg2 Be7 5. Nf3 O-O 6. O-O c6 7.
Qc2 b6 8. Nbd2 c5 9. dxc5 bxc5 10. cxd5 exd5 11. b3 Nc6 12. Bb2 Nb4 13. Qb1 g6 14. a3 Bf5 15. Qd1 Nc6 16. e3 Rb8 17. Rc1 a5 18. Ne5 Nxe5 19. Bxe5 Rc8 20. Qe2 Be6 21. Rfd1 Qb6 22. h3 Rfd8 23. Qf3 Nd7 24. Ba1 Bf8 25. Qf4 Qc7 26. Nb1 Qxf4 27. gxf4 Nb6 28.
Nc3 Bg7 29. Nb5 Bxa1 30. Rxa1 d4 31. exd4 Bxb3 32. Rd2 Nc4 33. Rd3 a4 34. d5 Nd6 35.
Nc3 c4 36. Rd2 Rb8 37. Rc1 Kg7 38. Kh2 Nb5 39. Nxb5 Rxb5 40. d6 Rc5 41. Rc3 Rd7 42. Kg3 f5 43. Rd4 Kf6 44. Bf3 Rc8 45. Be2 Rc6 46. Bxc4 h5 47. h4 Kg7 48. Kf3 Kf6 49. Kg3 Rc5 50. Kf3 Rc8 51. Kg3 Rb8 52. Be2 Rb6 53.
Rcd3 Bc2 54. Rd2 Be4 55. f3 Bc6 56. Bc4 Rb1 57. Re2 Kg7 58. Re8 Rg1+ 59. Kf2 Rc1 60.
Rg8+ Kh7 61. Rc8 Rc2+ 62. Kg3 Rc1 63. Rxc6 Rg1+ 64. Kf2 Ra1 65. Rc7 Rxc7 66. dxc7 1-0

[Event "Early-Titled-Tuesday-Blitz-December-26-2023"]
[Site "Chess.com"]
[Date "2023.12.26"]
[Round "1"]
[White "drillovsky"]
[Black "SahibSinghKnight"]
[Result "0-1"]
[WhiteElo "2370"]
[BlackElo "2683"]
[TimeControl "180+1"]
[EndTime "8:08:34 PST"]
[Termination "SahibSinghKnight won on time"]

1. Nf3 d5 2. d4 e6 3. c4 c6 4. e3 Bd6 5. Bd3 f5 6. O-O Nf6 7. b3 Qe7 8. Bb2 O-O 9. Qc1 a5 10. Ba3 Na6 11. Bxd6 Qxd6 12. c5 Qe7 13. Bxa6 Rxa6 14.
Ne5 Nd7 15. Nxd7 Bxd7 16. f4 g5 17. Nd2 a4 18. Nf3 g4 19. Ne5 axb3 20. axb3 Rfa8 21.
Qb2 Be8 22. Rxa6 Rxa6 23. Ra1 Qh4 24. g3 Qd8 25. Rxa6 bxa6 26. Qa3 Qb8 27. Qa4 Qb5 28.
Qxb5 axb5 29. Kf2 Kf8 30. Ke2 Ke7 31. Kd3 Kd8 32. Kc3 Kc7 33. Kb4 Kb7 34. Ka5 Ka7 35.
Nd3 Kb7 36. Nb4 Ka7 37. Nd3 Kb7 38. Nf2 Ka7 39. h3 h5 40. hxg4 fxg4 41. e4 dxe4 42. Nxe4 Bg6 43. Ng5 Bc2 44. b4 Bf5 45. Nf7 h4 46.
gxh4 g3 47. Ne5 Be4 48. Nxc6+ Bxc6 49. h5 Bd5 50. h6 Be4 51. h7 Bxh7 52. Kxb5 g2 53. c6 g1=Q 54. c7 Qg8 55. Kc6 Be4+ 56.
Kd6 Kb7 57. Kd7 Qc8+ 0-1

[Event "Early-Titled-Tuesday-Blitz-December-26-2023"]
[Site "Chess.com"]
[Date "2023.12.26"]
[Round "1"]
[White "Shahdad2007"]
[Black "Ajedrez_con_German"]
[Result "1-0"]
[WhiteElo "2285"]
[BlackElo "2593"]
[TimeControl "180+1"]
[EndTime "8:08:34 PST"]
[Termination "Shahdad2007 won by resignation"]

1. e4 c5 2. Nf3 a6 3. c4 Nc6 4. d4 cxd4 5. Nxd4 e5 6. Nc2 Nf6 7. Nc3 Bc5 8. Be2 O-O 9. O-O h6 10. Be3 d6 11. h3 Be6 12. b3 Rb8 13. Qd2 Qc7 14. Rad1 Rfd8 15. Kh2 Nb4 16. Ne1 Bxe3 17. Qxe3 Qc5 18. a3 Nc6 19. Nc2 Qxe3 20. fxe3 Na5 21. Na1 Ne8 22. Nd5 Kf8 23. b4 Nc6 24. Nb3 b6 25. Rd2 Bxd5 26. exd5 Ne7 27. e4 Nf6 28. Bd3 Nd7 29. Rc1 Rdc8 30. Rdc2 f6 31. Kg3 Kf7 32. Kf3 Rc7 33. Rb1 a5 34. Nd2 axb4 35.
axb4 Ra7 36. Ke2 Ra3 37. Nb3 g6 38. Rcb2 f5 39. Ra1 Rxa1 40. Nxa1 Ra8 41. Nc2 Kf6 42.
Ne3 Ra4 43. Nd1 h5 44. Nc3 Ra3 45. Nb5 Ra1 46. Nxd6 fxe4 47. Nxe4+ Kg7 48. d6 Nf5 49. c5 Nd4+ 50. Kf2 bxc5 51. bxc5 Rc1 52. Bb5 Nxc5 53.
Nxc5 Rxc5 54. d7 Ne6 55. Ba4 Kf6 56. Rb8 Rd5 57. Re8 Rd6 58. Bb5 Nf4 59. d8=Q+ Rxd8 60. Rxd8 Ne6 61. Rd6 Ke7 62. Rxe6+ Kxe6 63. Bd3 Kf6 64. Ke3 Kg5 65. Ke4 Kh4 66. Kf3 Kg5 67. Be4 Kf6 68. h4 g5 69. hxg5+ Kxg5 70. Kg3 h4+ 71. Kf3 h3 72. g3 h2 73. Kg2 Kg4 74. Bf3+ Kg5 75. Kxh2 e4 76. Bxe4 Kg4 77. Bg2 1-0

[Event "Early-Titled-Tuesday-Blitz-December-26-2023"]
[Site "Chess.com"]
[Date "2023.12.26"]
[Round "1"]
[White "viviania"]
[Black "Herzog2012"]
[Result "0-1"]
[WhiteElo "2846"]
[BlackElo "2532"]
[TimeControl "180+1"]
[EndTime "8:08:36 PST"]
[Termination "Herzog2012 won on time"]

1. d4 Nf6 2. Nf3 e6 3. Bg5 c5 4. e3 b6 5. c3 Bb7 6. Nbd2 h6 7. Bh4 Be7 8. Bd3 cxd4 9. exd4 Ba6 10. Bxa6 Nxa6 11.
O-O O-O 12. Re1 Nc7 13. Ne5 Nfd5 14. Bg3 Bf6 15. Ne4 d6 16. Nc4 Be7 17. Nexd6 b5 18.
Nb7 Qc8 19. Ncd6 Qd7 20. Nc5 Qc6 21. Nde4 f5 22. Bxc7 Nxc7 23. Nd2 Bxc5 24. dxc5 Qxc5 25. Nb3 Qb6 26. Re5 Rad8 27. Qe2 Rfe8 28. Re1 Rd5 29.
Nd4 Qd6 30. h3 b4 31. Rxd5 Qxd5 32. Qe5 Qxe5 33. Rxe5 bxc3 34. bxc3 Kf7 35. Ra5 a6 36. Rc5 Nd5 37. Nxf5 exf5 38. Rxd5 Re1+ 39. Kh2 g6 40. Rd7+ Kf6 41. Rd6+ Kg5 42. Rxa6 Rc1 43. Ra3 Rc2 44. Kg3 h5 45. h4+ Kh6 46. f3 Kg7 47. Ra7+ Kf6 48. a4 Rxc3 49. a5 Ra3 50. Ra8 Ra4 51.
a6 f4+ 52. Kf2 Ra2+ 53. Ke1 Kg7 54. a7 Ra3 55. Kd2 Kh7 56. Kc2 Kg7 57. Kb2 Ra6 58. Kc3 Ra1 59. Kd4 Ra4+ 60. Ke5 Kh7 61. Kf6 Ra6+ 62.
Kg5 Ra4 0-1

[Event "Early-Titled-Tuesday-Blitz-December-26-2023"]
[Site "Chess.com"]
[Date "2023.12.26"]
[Round "1"]
[White "LeoLV10"]
[Black "chito89"]
[Result "1/2-1/2"]
[WhiteElo "2497"]
[BlackElo "2835"]
[TimeControl "180+1"]
[EndTime "8:08:41 PST"]
[Termination "Game drawn - insufficient material"]

1. e4 g6 2. d4 Bg7 3. Nc3 d6 4.
f4 Nf6 5. Nf3 O-O 6. Bd3 Nc6 7. O-O e5 8. fxe5 dxe5 9. d5 Ne7 10.
Bg5 c6 11. Nxe5 cxd5 12. Bxf6 Qb6+ 13. Kh1 Bxf6 14. Nxd5 Nxd5 15. Nc4 Qd8 16. exd5 b5 17. Ne3 Bxb2 18. Rb1 Bd4 19. Qf3 a6 20. Rbd1 Bg7 21. Be4 Qd6 22. c4 Bd7 23. Rc1 Rac8 24. Rfd1 Rfe8 25. Bb1 Bh6 26. Rc3 Bxe3 27. Rxe3 Rxe3 28.
Qxe3 bxc4 29. Bc2 Re8 30. Qf3 Qe5 31. Rf1 f5 32. h3 Qe2 33. Bd1 Qxf3 34. Bxf3 c3 35.
Rc1 Rc8 36. Kg1 Kg7 37. Kf2 Kf6 38. Ke3 Ke5 39. g3 Bb5 40. h4 c2 41. Kd2 h6 42.
Rxc2 Rxc2+ 43. Kxc2 Bc4 44. a4 Bxd5 45. Be2 a5 46.
Kc3 Bc6 47. Bd1 g5 48. hxg5 hxg5 49. Kd3 Kd5 50. Kc3 Kc5 51. Bc2 Be4 52. Bd1 Kd5 53.
Be2 Ke5 54. Bb5 Bf3 55. Kd2 Kd6 56. Ke3 Bc6 57. Bd3 Ke5 58. Bc2 Bd5 59. Bd1 Bc4 60. Bc2 Bd5 61. Bd3 Bb3 62. Bb5 Bd1 63. Bd7 Bc2 64.
Bc6 Kd6 65. Bb5 Kc5 66. Bd7 Kb4 67. Kf3 Bxa4 68. Bxf5 Bd1+ 69. Ke3 a4 70. Kd2 a3 71. Bb1 Bb3 72. Ke3 a2 73. Bxa2 Bxa2 74. g4 Bd5 75. Kd4 Bf3 76. Ke5 Bxg4 77. Kf6 Bf3 78. Kxg5 1/2-1/2

[Event "Early-Titled-Tuesday-Blitz-December-26-2023"]
[Site "Chess.com"]
[Date "2023.12.26"]
[Round "1"]
[White "PeshkaCh"]
[Black "krucki03"]
[Result "0-1"]
[WhiteElo "2832"]
[BlackElo "2520"]
[TimeControl "180+1"]
[EndTime "8:08:43 PST"]
[Termination "krucki03 won by checkmate"]

1. Nf3 d5 2. d4 Nf6 3. c4 e6 4. Nc3 Be7 5. Bg5 h6 6. Bh4 O-O 7. e3 b6 8. cxd5 Nxd5 9. Bxe7 Qxe7 10. Bd3 Bb7 11. O-O Nxc3 12. bxc3 c5 13. Ne5 Nd7 14. Nxd7 Qxd7 15. dxc5 Qd5 16. c6 Qxc6 17. Qg4 Qxc3 18. Rad1 Rad8 19. Bb1 Qe5 20. h3 Qg5 21. Qxg5 hxg5 22. a3 Bd5 23. Bd3 Rc8 24. Rc1 Bb7 25. a4 Rxc1 26. Rxc1 Rc8 27. Ra1 Rc3 28. Bf1 Bc6 29.
Bb5 Rc5 30. Bd3 g6 31. Bb5 Kg7 32. Kh2 Kf6 33. Kg3 a5 34. Bxc6 Rxc6 35. Rb1 Rc4 36. Rxb6 Rxa4 37. Ra6 Ra2 38. Ra7 a4 39. e4 Ra3+ 40.
f3 Ra2 41. Ra5 a3 42. Ra7 Kg7 43. Kh2 Ra1 44. Kg3 e5 45. Ra6 f6 46. Ra7+ Kh6 47.
Ra6 a2 48. Kh2 Kg7 49. Ra7+ Kf8 50. Ra8+ Ke7 51. Ra7+ Kd6 52. Ra8 Kc5 53. Ra7 Kd4 54.
Ra4+ Kc3 55. Ra8 Kb2 56. Rb8+ Kc2 57. Rc8+ Kd2 58. Rd8+ Ke2 59. Ra8 Ke3 60. Ra3+ Kf4 61. Ra6 Ke3 62. Ra3+ Kf2 63. Ra6 f5 64. Ra5 fxe4 65.
fxe4 Ke3 66. Ra4 Kf4 67. g3+ Kf3 68. g4 Kf4 69. Kg2 Ke3 70. Kh2 Re1 71. Rxa2 Re2+ 72. Rxe2+ Kxe2 73. Kg3 Ke3 74. h4 gxh4+ 75. Kxh4 Kxe4 76.
Kg5 Kf3 77. Kxg6 Kxg4 78. Kf6 e4 79. Ke5 e3 80. Kd4 e2 81. Kd3 e1=Q 82. Kc2 Qe2+ 83.
Kb3 Qd1+ 84. Ka3 Qb1 85. Ka4 Qb2 86. Ka5 Qb3 87. Ka6 Qb4 88. Ka7 Qb5 89. Ka8 Kf5 90.
Ka7 Ke6 91. Ka8 Kd6 92. Ka7 Kc7 93. Ka8 Qa5# 0-1

[Event "Early-Titled-Tuesday-Blitz-December-26-2023"]
[Site "Chess.com"]
[Date "2023.12.26"]
[Round "1"]
[White "Zurability"]
[Black "wild3000"]
[Result "1-0"]
[WhiteElo "2711"]
[BlackElo "2419"]
[TimeControl "180+1"]
[EndTime "8:08:45 PST"]
[Termination "Zurability won by resignation"]

1. d4 Nf6 2. c4 e6 3. Nf3 b6 4. a3 Bb7 5. Nc3 Be7 6. d5 O-O 7. e4 d6 8. Be2 e5 9. O-O Nbd7 10. b4 a5 11. Rb1 axb4 12. axb4 c6 13. h3 g6 14. Bh6 Re8 15. Be3 Nh5 16. dxc6 Bxc6 17.
Nd5 Ra3 18. Ne1 Bxd5 19. cxd5 Nf4 20. Bb5 Rf8 21. Ra1 Rxa1 22. Qxa1 f5 23. Qa7 Nf6 24.
Bxb6 Qb8 25. exf5 gxf5 26. Nc2 N4xd5 27. Bc4 Kh8 28. Be3 Nxe3 29. Qxe3 d5 30. Bb3 Bxb4 31. Rb1 Qd6 32. Nxb4 Qxb4 33. Qxe5 Qe4 34. Qa1 d4 35. Rd1 Rd8 36. Qa6 Nh5 37. Qb6 Rg8 38. Bxg8 Nf4 39. Qf6+ Kxg8 40. Qg5+ Kf7 41. Kh2 d3 42. Ra1 Qd4 43.
Qxf5+ Kg7 44. Qg5+ Kf7 45. Qf5+ Kg7 46. Rd1 d2 47. Qg4+ Kf6 48. Qf3 Ke5 49. g3 Nd5 50. Qe2+ Qe4 51. Qxe4+ Kxe4 52. Rxd2 Nf6 53. Kg2 Ke5 54.
Re2+ Kf5 55. Re3 Kg6 56. Rf3 Kg7 57. g4 Kg6 58. Kg3 Ne4+ 59. Kg2 Ng5 60. Ra3 Ne4 61.
f4 Nf6 62. Ra6 Kg7 63. Kf3 Ne8 64. f5 Nf6 65. g5 Nh5 66. Ra7+ Kg8 67. Kg4 Ng7 68.
f6 Ne6 69. h4 Nf8 70. h5 Ne6 71. g6 hxg6 72. hxg6 Kf8 73. Ra8+ 1-0

[Event "Early-Titled-Tuesday-Blitz-December-26-2023"]
[Site "Chess.com"]
[Date "2023.12.26"]
[Round "1"]
[White "bolwin"]
[Black "Sadykov_Ramil"]
[Result "0-1"]
[WhiteElo "2254"]
[BlackElo "2607"]
[TimeControl "180+1"]
[EndTime "8:08:54 PST"]
[Termination "Sadykov_Ramil won on time"]

1. Nf3 Nf6 2. c4 e6 3. Nc3 d5 4. d4 a6 5. cxd5 exd5 6. Bg5 Be7 7. Qc2 g6 8. e3 Bf5 9. Bd3 Bxd3 10. Qxd3 O-O 11.
O-O Re8 12. Rac1 Nbd7 13. Rfd1 c6 14. a3 a5 15. Qb1 a4 16. Qc2 Qa5 17. h3 Ne4 18. Bxe7 Rxe7 19. Ne2 Nd6 20. Nf4 Nc4 21. Nd3 h5 22. Qc3 Qxc3 23. Rxc3 Kf8 24. Rc2 b5 25.
Nb4 Rc8 26. Nd2 Ndb6 27. Nd3 Nxd2 28. Rdxd2 Nc4 29. Rd1 h4 30. Nb4 Re6 31. Nd3 g5 32. Rdc1 Ke7 33. Rc3 Kd6 34. R3c2 Rg8 35. Nc5 Reg6 36.
Kf1 g4 37. Ke2 gxh3 38. gxh3 Rg2 39. Rh1 f5 40. Nd3 Rg1 41. Rc1 R1g7 42. Nf4 Rg5 43.
Nd3 R5g7 44. Nf4 Rg5 45. Nd3 R8g7 46. Rcf1 Rg8 47. Ra1 f4 48. Nxf4 Nxb2 49. Nd3 Nc4 50. Ra2 Rf8 51. Nf4 Rgf5 52. Kd3 Rxf4 53. exf4 Rxf4 54.
Rg1 Rf3+ 55. Ke2 Rxh3 56. Rg6+ Kc7 57. Rh6 Rxa3 0-1